 Dungeon Sprint DCSS version 0.29.1-15-g9cfb28693d (webtiles) character file.

Game seed: 9748669903066741057

61 Iago the Ruffian (level 3, 0/39 HPs)
             Began as a Troll Berserker on Feb 24, 2023.
             Was a Believer of Trog.
             Slain by a water elemental (8 damage)
             ... in the Dungeon (Sprint III: "The Ten Rune Challenge").
             The game lasted 00:01:42 (165 turns).

Iago the Ruffian (Troll Berserker)                   Turns: 165, Time: 00:01:43

Health: 0/39       AC:  4    Str: 27    XL:     3   Next: 83%
Magic:  2/2        EV: 10    Int:  3    God:    Trog [**....]
Gold:   25         SH:  0    Dex:  9    Spells: 2/2 levels left

rFire   . . .      SeeInvis .     - Unarmed
rCold   . . .      Faith    .   (no shield)
rNeg    . . .      Spirit   .   h - +0 robe
rPois   .          Reflect  .   (helmet restricted)
rElec   .          Harm     .   (no cloak)
rCorr   .          Rampage  .   (gloves unavailable)
Will    .....      NoTele   +   (boots unavailable)
Stlth   +.........              (no amulet)
HPRegen 0.93/turn               (no ring)
MPRegen 0.08/turn               (no ring)

@: engulfed (cannot breathe)
A: large, unfitting armour, claws 3, regeneration 1, shaggy fur 1, tough skin 1
a: Renounce Religion, Berserk, Trog's Hand


You were in the Dungeon.
You worshipped Trog.
Trog was pleased with you.
You visited 1 branch You collected 25 gold pieces.

Inventory:

Armour
 h - a +0 robe (worn)
Scrolls
 a - a scroll of enchant armour {unknown}
 g - a scroll of blinking
 j - 2 scrolls of poison {unknown}
 k - 3 scrolls of identify
Potions
 b - a potion of curing
 c - 2 potions of heal wounds
 d - a potion of haste
 e - 3 potions of magic
 f - a potion of berserk rage
 i - 4 potions of mutation {unknown}
 l - a potion of lignification {unknown}


   Skills:
 + Level 4.2 Fighting
 + Level 4.3 Dodging
 + Level 0.1 Stealth
 + Level 5.3 Unarmed Combat


You had 2 spell levels left.
You didn't know any spells.
Your spell library was empty.

Dungeon Overview and Level Annotations

Branches:
Dungeon (1/1)

Altars:


Innate Abilities, Weirdness & Mutations

You are too large for most types of armour.
You have claws for hands.
Your natural rate of healing is unusually fast.
You are covered in fur. (AC +1)
You have tough skin. (AC +1)


Message History

The human hits you.
* * * LOW HITPOINT WARNING * * *
You scratch the human.
You kill the human!
Trog accepts your kill.
Your Unarmed Combat skill increases to level 5!
You start resting.
HP restored.
You see here a human corpse.
You see here a human corpse.
As you open the door, it creaks loudly!
Found 25 gold pieces and 3 gluggy blue potions.
There is an open door here.
You now have 11 gold pieces.
i - 2 gluggy blue potions;
j - a scroll labelled TAHILI BAOBAQEC
k - a scroll of identify;
i - 3 gluggy blue potions (gained 1)
e - 3 potions of magic (gained 1)
i - 4 gluggy blue potions (gained 1)
j - 2 scrolls labelled TAHILI BAOBAQEC (gained 1)
k - 3 scrolls of identify (gained 2);
l - a metallic cyan potion
c - 2 potions of heal wounds (gained 1)
You now have 25 gold pieces (gained 14).
There is an open door here.
As you open the door, it creaks loudly!
A water elemental comes into view.
The water elemental hits you!
There is an open door to the Ecumenical Temple here.
You claw the water elemental!
The water elemental is moderately damaged.
The water elemental hits you.
You scratch the water elemental but do no damage.
The water elemental is moderately damaged.
The water elemental hits you!
* * * LOW HITPOINT WARNING * * *
The water elemental engulfs you in water!
You cannot call out to Trog while unable to breathe.
You slip free of the water engulfing you.
The water elemental attacks as you move away!
The water elemental hits you!
You die...

▓▓▓▓▓▓▓ ▓▓▓ ..#...####
##.# ..#......#####..#
.##.......#..#..#
#.##.##...#..#..###+#+##
#.##.###..##'#..#.......
.####.##..###...@.⌠.....
###..##.)####...#E..####
.....##..###....#.⌠.#
##..##...##†....#...#
#..##....#.†....#+###
..###..##.#.....# [.#
#..#####....# ▓▓▓ ▓▓▓▓
▓▓▓▓▓▓


You could see a water elemental.

Vanquished Creatures
  Jessica (D)
  A human (D)
  A wolf (D)
  An endoplasm (D)
  2 rats (D)
6 creatures vanquished.

Notes
Turn   | Place    | Note
-------+----------+-------------------------------------------
     0 | D        | Iago the Troll Berserker began the quest for the Orb.
     0 | D        | Reached XP level 1. HP: 22/22 MP: 0/0
    40 | D        | Reached ** piety under Trog
    49 | D        | Noticed Jessica
    53 | D        | Killed Jessica
    54 | D        | Reached skill level 4 in Unarmed Combat
    54 | D        | Reached XP level 2. HP: 21/32 MP: 1/1
    54 | D        | Reached XP level 3. HP: 25/39 MP: 2/2
    88 | D        | Reached skill level 5 in Unarmed Combat
   161 | D        | Noticed a water elemental
   165 | D        | Slain by a water elemental

Illustrated notes

Levels and vault maps discovered:
D:        dungeon_sprint_mu [sprint_mu_entry_cave, sprint_mu_temple_rooms,
          sprint_mu_d1_horrors, sprint_mu_d2_genie, sprint_mu_d3_branching,
          sprint_mu_orc_legion, sprint_mu_elf_gauntlet, sprint_mu_hive_nellie,
          sprint_mu_lair_fedhas, sprint_mu_vaults_butterflies,
          sprint_mu_slime_circle, sprint_mu_shoals_kraken,
          sprint_mu_snake_twists, sprint_mu_blade_basic, sprint_mu_crypt_lich,
          sprint_mu_tomb_spiral, sprint_mu_vestibule_basic,
          sprint_mu_gehenna_hellfire, sprint_mu_dis_giant,
          sprint_mu_tartarus_statrot, sprint_mu_cocytus_islands, sprint_mu_zot1]

Skill      XL: |  1  2  3 |
---------------+----------+-----
Fighting       | 3 4 |  4.2
Dodging        | 3 4 |  4.3
Unarmed Combat | 4 5 |  5.3
Stealth        | |  0.1

Action                   || total
-------------------------++-------
Melee: Unarmed           ||    21
 Stab: Sleeping          ||     1
Armor: Robe              ||     4
Dodge: Dodged            ||    12
